 Dungeon Crawl Stone Soup version 0.29.0-4-gdea44cf6ec (webtiles) character file.

Game seed: 13406226911261072129

75 qw the Chopper (level 4, -1/35 HPs)
             Began as a Formicid Cinder Acolyte on Sept 4, 2022.
             Was an Elder of Ignis.
             Slain by an orc
             ... wielding a +0 hand axe of electrocution
              (6 damage)
             ... on level 3 of the Dungeon.
             The game lasted 00:00:42 (2282 turns).

qw the Chopper (Formicid Cinder Acolyte)            Turns: 2282, Time: 00:00:42

Health: -1/35      AC: 17    Str: 18 (20) XL:     4   Next: 55%
Magic:  5/5        EV:  9    Int: 13 (14) God:    Ignis [****..]
Gold:   119        SH:  0    Dex:  9      Spells: 5/5 levels left

rFire   + . .      SeeInvis +   Y - -1 hand axe (flame)
rCold   . . .      Faith    .   (no shield)
rNeg    . . .      Spirit   .   d - +0 scale mail
rPois   .          Reflect  .   (helmet unavailable)
rElec   .          Harm     .   (no cloak)
rCorr   .          Rampage  .   (no gloves)
Will    .....                   (no boots)
Stlth   ..........              (no amulet)
HPRegen 0.11/turn               b - +4 ring of protection
MPRegen 0.09/turn               (no ring)

@: fiery-armoured
A: permanent stasis, dig shafts and tunnels, antennae 3, four strong arms
a: Dig, Shaft Self, Renounce Religion, Fiery Armour, Foxfire Swarm, Rising Flame


You were on level 3 of the Dungeon.
You worshipped Ignis.
Ignis was greatly pleased with you.
You visited 1 branch of the dungeon, and saw 3 of its levels.

You collected 119 gold pieces.


Innate Abilities, Weirdness & Mutations

You cannot be hasted, slowed, berserked, paralysed or teleported.
You can dig through walls and to a lower floor.
You have a pair of large antennae on your head. (SInv)
Your four strong arms can wield two-handed weapons with a shield.


   Skills:
 - Level 3.2 Fighting
 + Level 4.8 Axes
 - Level 1.0 Armour
 - Level 1.1 Spellcasting
 - Level 3.0 Fire Magic


You had 5 spell levels left.
You didn't know any spells.
Your spell library contained the following spells:

 Spells                   Type           Power      Damage    Failure   Level
 Scorch                   Fire           16%        2d6       38%         2

Inventory:

Hand Weapons
 Y - a -1 hand axe of flaming (weapon)
Armour
 d - a +0 scale mail (worn)
Jewellery
 b - a +4 ring of protection (left hand)
Scrolls
 a - 2 scrolls of identify
 g - a scroll of teleportation

Dungeon Overview and Level Annotations

Branches:
Dungeon (3/15)

Altars:


Message History

You hit the orc. You burn the orc.
You kill the orc!
You hit the quokka but do no damage. The quokka misses you.
The quokka bites you but does no damage.
A quokka comes into view.
You hit the orc but do no damage.
The orc is moderately wounded.
You miss the quokka. You barely miss the orc priest. The orc barely misses you.
The orc priest hits you with a +0 short sword.
The quokka bites you but does no damage.
You closely miss the orc.
The orc is moderately wounded.
You closely miss the quokka. You hit the orc priest. You burn the orc priest.
The quokka barely misses you.
The orc priest hits you with a +0 short sword.
The orc hits you but does no damage.
2280 ||| INVOKING Fiery Armour.
A protective cloak of flame settles atop you.
The quokka bites you but does no damage.
The quokka is burned by your cloak of flames.
You kill the quokka!
The orc hits you but does no damage.
The orc is burned by your cloak of flames.
You kill the orc!
The orc priest hits you but does no damage.
The orc priest is burned by your cloak of flames.
The orc priest is severely wounded.
You barely miss the orc priest.
The orc priest is severely wounded.
You hit the orc but do no damage. The orc hits you but does no damage.
The orc priest calls down the wrath of Beogh upon you.
Pain shoots through your body!
You barely miss the orc priest.
The orc priest is severely wounded.
You hit the orc but do no damage.
The orc hits you with a +0 hand axe of electrocution.
You die...

... .. ..#
#.# ?.#
.... #.#
#.#..
##.##.....
.....###.
#S.#r#S..
#ooS.###.
#@##.....
#.)...#..
###.#....
... .# ###


You could see an orc priest, an adder, an orc, a quokka and 2 ball pythons.

Vanquished Creatures
  2 adders (D:2)
  A worm (D:2)
  4 dart slugs
  2 orcs (D:3)
  2 bats
  An endoplasm (D:1)
  2 giant cockroaches
  3 hobgoblins
  3 jackals (D:2)
  2 quokkas
  3 ball pythons
  2 frilled lizards (D:2)
  6 goblins
  6 kobolds
  2 rats
41 creatures vanquished.

Notes
Turn   | Place    | Note
-------+----------+-------------------------------------------
     0 | D:1      | qw the Formicid Cinder Acolyte began the quest for the Orb.
     0 | D:1      | Reached XP level 1. HP: 18/18 MP: 2/2
     0 | D:1      | 0 ||| qw: Version: 0.1-a-103-gd6f5d3a
     0 | D:1      | 0 ||| qw: Game counter: 5458
     0 | D:1      | 0 ||| qw: Always use a shield: true
     0 | D:1      | 0 ||| qw: God list: Okawaru
     0 | D:1      | 0 ||| qw: Allow faded altars: false
     0 | D:1      | 0 ||| qw: Do Orc after D:15 true
     0 | D:1      | 0 ||| qw: Do second Lair branch before Depths: true
     0 | D:1      | 0 ||| qw: Lair rune preference: random
     0 | D:1      | 0 ||| qw: Plans: Normal
     0 | D:1      | 0 ||| PLANNING D:1-11
   183 | D:1      | 183 ||| Stepping ~*~*~tactically~*~*~ (hiding).
   187 | D:1      | 187 ||| Stepping ~*~*~tactically~*~*~ (hiding).
   197 | D:1      | 197 ||| INVOKING Fiery Armour.
   199 | D:1      | Reached XP level 2. HP: 10/24 MP: 3/3
   615 | D:1      | 615 ||| INVOKING Fiery Armour.
  1070 | D:1      | 1070 ||| UPGRADING to +0 leather armour.
  1080 | D:1      | 1080 ||| DROPPING +0 robe.
  1081 | D:1      | 1081 ||| UPGRADING to +0 scale mail.
  1091 | D:1      | 1091 ||| DROPPING +0 leather armour.
  1092 | D:1      | 1092 ||| READING 2 scrolls labelled EVACKA FANLAI.
  1093 | D:1      | 1093 ||| READING 2 scrolls labelled UGYELEIREKKU.
  1094 | D:1      | 1094 ||| READING scroll labelled MUFASH PONIP.
  1095 | D:1      | 1095 ||| READING scroll labelled VOSIC WOSMIWESCH.
  1096 | D:1      | 1096 ||| DRINKING 2 lumpy black potions.
  1097 | D:1      | 1097 ||| DROPPING potion of degeneration.
  1141 | D:2      | 1141 ||| STAIRDANCE
  1154 | D:2      | 1154 ||| INVOKING Fiery Armour.
  1155 | D:2      | Reached XP level 3. HP: 15/29 MP: 4/4
  1156 | D:2      | Reached skill level 1 in Armour
  1156 | D:2      | 1156 ||| STAIRDANCE
  1394 | D:2      | 1394 ||| Stepping ~*~*~tactically~*~*~ (stealth).
  1396 | D:2      | 1396 ||| Stepping ~*~*~tactically~*~*~ (stealth).
  1408 | D:2      | Reached skill level 4 in Axes
  1631 | D:2      | 1631 ||| Stepping ~*~*~tactically~*~*~ (hiding).
  1632 | D:2      | 1632 ||| Stepping ~*~*~tactically~*~*~ (hiding).
  1639 | D:2      | Reached XP level 4. HP: 34/35 MP: 5/5
  1686 | D:2      | Found a faded altar of an unknown god.
  2248 | D:2      | 2248 ||| UPGRADING to +4 ring of protection.
  2273 | D:3      | 2273 ||| Stepping ~*~*~tactically~*~*~ (hiding).
  2280 | D:3      | 2280 ||| INVOKING Fiery Armour.
  2281 | D:3      | HP: 5/35 [orc priest/nerve-wracking pain (10)]
  2282 | D:3      | Slain by an orc

Levels and vault maps discovered:
D:1:      ebering_trefoil_twist, layout_basic, grunt_decor_clamped,
          chequers_serial_rivers_room_a, minivault_23
D:2:      layout_loops_ring, ebering_ecumenical_altar_rust
D:3:      layout_basic, nzn_wu_jian_contemplation, minmay_fractal_squares_5

Skill      XL: |  1  2  3 |
---------------+----------+-----
Armour         | 1 |  1.0
Axes           | 4 |  4.8
Fighting       | |  3.2
Spellcasting   | |  1.1
Fire Magic     | |  3.0

Action                   |  1- 3 |  4- 6 || total
-------------------------+-------+-------++-------
Melee: Hand axe          |    85 |    37 ||   122
Invok: Fiery Armour      |     3 |     1 ||     4
  Use: Scroll            |     4 |       ||     4
       Potion            |     1 |       ||     1
Armor: Robe              |     3 |       ||     3
       Scale mail        |    37 |    12 ||    49
Dodge: Dodged            |    47 |    17 ||    64

Table legend:
 A = Non-vault XP
 B = Vault XP
 C = Vault XP percentage of total XP
 D = Non-vault monster count
 E = Vault monster count
 F = Vault count percentage of total count
                 A         B        C        D         E       F
            +---------+---------+-------+---------+---------+-------
      Total |     106 |       2 |   1.9 |      40 |       1 |   2.4
            +---------+---------+-------+---------+---------+-------
        D:1 |      26 |       0 |   0.0 |      12 |       0 |   0.0
        D:2 |      74 |       0 |   0.0 |      26 |       0 |   0.0
        D:3 |       6 |       2 |  25.0 |       2 |       1 |  33.3
            +---------+---------+-------+---------+---------+-------
